Map: Para Site LE

Players

Mjade - Winner!

  • Race: Terran Terran
  • Spawn Location: 11:00

A.I. 1 (Elite)

  • Race: Protoss Protoss
  • Spawn Location: 5:00

VOD

Have the link to the VOD?

Description

Time

  • Played on: Dec. 29, 2018, 11:09 p.m.
  • Length: 10:59
Show
View Real Time Build Order
Export as new Build Order

Mjade Terran - Winner!

Build Orders: Cyclone Opening, Gas First Reaper Expand 

Get SALT Encoding   

  12  0:01  SCV  
  13  0:13  SCV  
  14  0:17  Supply Depot  
  14  0:25  SCV  
  14  0:27  Refinery  
  15  0:39  SCV  
  16  0:45  Barracks  
  16  0:53  SCV  
  17  1:06  SCV  
  18  1:18  SCV  
  19  1:31  Orbital Command  
  19  1:32  Reaper  
  20  1:43  Command Center  
  20  1:54  Factory  
  20  1:57  SCV  
  21  2:06  Barracks Reactor  
  21  2:08  Supply Depot  
  21  2:10  SCV  
  22  2:15  Refinery  
  22  2:22  SCV  
  23  2:34  SCV  
  24  2:39  Factory Tech Lab  
  24  2:42  Marine x2  
  26  2:46  SCV  
  27  2:55  Orbital Command  
  27  2:58  Cyclone  
  27  3:00  SCV, Marine x2  
  33  3:11  Starport  
  34  3:12  SCV  
  34  3:27  SCV  
  34  3:28  SCV  
  36  3:37  Barracks  
  36  3:39  Barracks  
  36  3:40  SCV x2  
  38  3:45  Supply Depot  
  38  3:50  Barracks Tech Lab  
  38  3:53  Factory Reactor  
  38  3:57  Raven  
  38  4:00  SCV x2  
  42  4:08  Supply Depot  
  42  4:12  SCV x2  
  42  4:13  Stimpack  
  42  4:14  Marine  
  45  4:19  Engineering Bay  
  45  4:21  Engineering Bay  
  45  4:24  SCV x2  
  47  4:25  Marine x2  
  49  4:36  SCV x2  
  49  4:37  Marine x3  
  54  4:43  Marine  
  55  4:47  Marine  
  55  4:48  Siege Tank  
  59  4:53  Refinery x2  
  59  4:54  Marine x2  
  59  4:56  Marine  
  62  5:01  Starport Reactor  
  62  5:08  Terran Infantry Weapons Level 1  
  62  5:20  Supply Depot  
  62  5:22  Supply Depot  
  62  5:24  SCV x2, Marine x5  
  69  5:31  Terran Infantry Armor Level 1  
  69  5:36  SCV  
  69  5:42  SCV, Siege Tank  
  74  5:45  Supply Depot x2  
  74  5:46  Marine x3  
  74  5:47  Marine x2  
  74  5:48  Medivac  
  74  5:49  Medivac  
  83  5:55  SCV x2  
  85  6:07  Marine x3  
  85  6:08  Supply Depot, Marine  
  85  6:09  Supply Depot, Marine  
  90  6:12  SCV  
  90  6:16  Siege Tank  
  94  6:25  Medivac x2  
  98  6:26  SCV x2  
  98  6:32  Supply Depot  
  100  6:35  Supply Depot  
  100  6:47  Marine x5  
  100  6:49  Siege Tank  
  108  6:59  Command Center  
  108  7:05  Marine  
  97  7:22  Marine x4  
  96  7:23  Siege Tank, Marine  
  96  7:29  Armory  
  102  7:31  Supply Depot  
  102  7:32  Supply Depot x2  
  102  7:33  Medivac x2  
  105  7:40  Marine x2  
  104  8:05  Marine x5  
  104  8:06  Siege Tank  
  104  8:07  Medivac x2  
  112  8:13  Barracks  
  112  8:15  Barracks  
  110  8:22  Marine  
  110  8:23  Marine x4  
  115  8:40  Marine  
  116  8:45  SCV x2  
  118  8:52  Supply Depot, Marine x4  
  118  8:53  Supply Depot, Siege Tank, Medivac x2  
  129  8:57  Refinery, SCV x2  
  129  8:58  Marine  
  129  9:01  Refinery  
  132  9:09  Marine  
  132  9:16  Barracks Reactor, Barracks Tech Lab  
  133  9:23  Barracks  
  133  9:36  Orbital Command  
  133  9:39  SCV x2  
  135  9:48  Liberator x2  
  135  9:51  SCV x2  
  137  10:02  Marine x8  
  137  10:03  Siege Tank  
  154  10:15  Supply Depot x2  
  154  10:17  Supply Depot  
  154  10:19  Marine  
  154  10:20  Marine x4  
  159  10:22  SCV  
  159  10:23  SCV  
  159  10:24  Sensor Tower  
  159  10:26  SCV  
Show
View Real Time Build Order
Export as new Build Order

A.I. 1 (Elite) Protoss 

Build Orders: Colossus Rush 

Get SALT Encoding   

  12  0:00  Probe  
  13  0:13  Probe  
  14  0:19  Pylon  
  14  0:25  Probe  
  15  0:33  Probe  
  15  0:40  Gateway  
  15  0:42  Probe  
  16  0:47  Assimilator  
  17  0:51  Probe  
  18  0:59  Probe  
  18  1:01  Pylon  
  19  1:07  Probe  
  20  1:18  Probe  
  21  1:30  Cybernetics Core, Zealot, Probe  
  24  1:42  Probe  
  25  1:56  Nexus, Probe  
  26  2:04  Probe  
  26  2:07  Warp Gate  
  27  2:13  Stalker, Probe  
  30  2:25  Probe  
  30  2:26  Pylon  
  31  2:36  Gateway  
  31  2:40  Assimilator  
  31  2:44  Probe  
  32  2:47  Adept  
  34  2:54  Probe  
  34  2:57  Pylon  
  35  3:02  Probe  
  35  3:08  Probe  
  35  3:10  Probe  
  37  3:14  Adept  
  40  3:23  Robotics Facility  
  40  3:26  Adept  
  42  3:28  Probe  
  42  3:30  Probe  
  44  3:40  Probe  
  45  3:41  Adept  
  45  3:43  Probe  
  45  3:47  Adept  
  48  3:52  Probe  
  48  3:55  Probe  
  52  4:04  Probe  
  52  4:07  Probe  
  54  4:11  Pylon  
  54  4:14  Robotics Bay  
  54  4:15  Observer  
  54  4:16  Adept, Probe  
  58  4:19  Probe  
  59  4:25  Robotics Facility  
  59  4:28  Probe  
  59  4:29  Pylon  
  60  4:32  Stalker  
  60  4:36  Stalker  
  64  4:40  Pylon  
  64  4:41  Probe  
  64  4:43  Probe  
  66  5:02  Colossus  
  66  5:04  Gateway  
  66  5:13  Zealot  
  74  5:14  Pylon  
  74  5:16  Zealot  
  76  5:25  Pylon  
  76  5:27  Zealot  
  78  5:36  Zealot  
  80  5:44  Stalker, Probe x2  
  80  5:46  Assimilator  
  80  5:49  Twilight Council  
  84  5:51  Assimilator  
  84  5:54  Pylon, Nexus  
  84  5:59  Pylon  
  84  6:00  Sentry  
  86  6:05  Probe  
  86  6:09  Probe  
  88  6:13  Probe  
  88  6:14  Forge  
  89  6:21  Probe  
  89  6:23  Forge  
  90  6:30  Templar Archives  
  90  6:35  Gateway  
  90  6:52  Photon Cannon  
  90  6:54  Photon Cannon  
  90  6:56  Photon Cannon  
  90  6:59  Stalker, Zealot x2  
  96  7:05  Pylon  
  96  7:06  Probe  
  96  7:07  Probe  
  96  7:08  Probe  
  69  7:16  High Templar  
  69  7:19  Adept, Stalker, Probe  
  69  7:20  Assimilator, Probe  
  69  7:22  Assimilator, Probe  
  63  7:28  Zealot  
  66  7:32  Probe x2  
  66  7:36  Probe  
  61  7:38  Adept  
  61  7:39  Zealot, High Templar  
  61  7:42  Zealot  
  61  7:44  Probe x2  
  52  7:48  Probe  
  52  7:49  Stalker  
  56  7:56  Probe x2  
  52  7:59  High Templar, Probe  
  52  8:02  Zealot  
  55  8:08  Probe  
  55  8:11  Zealot  
  57  8:13  Probe  
  53  8:20  Probe  
  53  8:21  Probe  
  53  8:22  Zealot  
  53  8:24  Probe  
  53  8:26  Zealot  
  53  8:32  Adept, Probe  
  49  8:35  Sentry, Pylon  
  49  8:36  Pylon  
  47  8:42  Stalker  
  49  8:52  Zealot  
  48  8:56  Adept  
  39  9:05  Stalker  
  34  9:12  Sentry  
  16  9:39  Nexus  
  10  10:29  Nexus  
Tags
 
Add a new tag
Caveats
  • Supply blocks, unpowered buildings, or Contaminate may cause inaccurate times.
  • Supply counts are checked every 10 seconds.